 Dungeon Crawl Stone Soup version 0.21-a0-529-g8c7b3f5 (webtiles) character file.

1093 Gerstahl the Slasher (level 8, -1/63 HPs)
             Began as a Human Monk on Dec 9, 2017.
             Was a Believer of Ashenzari.
             Killed from afar by a gargoyle (29 damage)
             ... with a stone arrow
             ... on level 6 of the Dungeon.
             The game lasted 00:13:37 (7291 turns).

Gerstahl the Slasher (Human Monk)                   Turns: 7291, Time: 00:13:38

Health: -1/63      AC:  7    Str: 11    XL:     8   Next: 57%
Magic:  10/10      EV: 14    Int: 14    God:    Ashenzari [**....]
Gold:   230        SH:  0    Dex: 19    Spells: 7/7 levels left

rFire    . . .     SeeInvis .   a - +0 falchion (curse)
rCold    . . .     Gourm    .   (no shield)
rNeg     . . .     Faith    .   x - +0 ring mail {rPois} (curse)
rPois    +         Spirit   .   (helmet restricted)
rElec    .         Reflect  .   (no cloak)
rCorr    .         Harm     .   f - +0 pair of gloves
MR       .....     Clarity  +   j - +0 pair of boots
Stlth    ++........             (no amulet)
HPRegen  0.20/turn              (no ring)
MPRegen  0.12/turn              (no ring)

@: no status effects
A: horns 1, clarity, clever 2
a: Curse Item, Scrying, Renounce Religion


You were on level 6 of the Dungeon.
You worshipped Ashenzari.
Ashenzari was pleased with you.
You were hungry.

You visited 1 branch of the dungeon, and saw 6 of its levels.

You collected 230 gold pieces.

Inventory:

Hand Weapons
 a - a cursed +0 falchion (weapon)
Armour
 b - a +0 robe
 f - a +0 pair of gloves (worn)
 j - a +0 pair of boots (worn)
 s - a +0 leather armour
 x - a cursed +0 ring mail of poison resistance (worn)
Jewellery
 y - an uncursed ring of wizardry
Wands
 p - a wand of random effects (40)
 r - a wand of clouds (5)
 w - a wand of polymorph (8)
Scrolls
 d - 6 scrolls of identify {unknown}
 g - a scroll of teleportation
 h - a scroll of enchant armour {unknown}
 l - a scroll of enchant weapon {unknown}
 m - a scroll of fog {unknown}
 o - a scroll of immolation {unknown}
 u - a scroll of magic mapping {unknown}
 v - a scroll of noise {unknown}
Potions
 e - a potion of haste
 k - 3 potions of curing
 n - a potion of lignification {unknown}
 q - 2 potions of brilliance {unknown}
Comestibles
 c - a bread ration
 t - a meat ration
 z - a fruit
 A - a royal jelly


   Skills:
 + Level 5.5 Fighting
 + Level 5.6(7.9) Long Blades
 + Level 2.9 Armour
 + Level 5.5 Dodging
 - Level 2.0 Stealth
 + Level 3.3 Evocations


You had 7 spell levels left.
You didn't know any spells.

Dungeon Overview and Level Annotations

Branches:
Dungeon (6/15)
 Temple: D:4-7

Altars:
Ashenzari
Cheibriados
Dithmenos
Fedhas
Nemelex Xobeh
Sif Muna
Trog
Xom
Yredelemnul
Zin

Annotations:
D:5 Gerstahl's ghost, novice HuMo


Innate Abilities, Weirdness & Mutations

You have a pair of small horns on your head.
You possess an exceptional clarity of mind.
Your mind is very acute. (Int +4)


Message History

The stone arrow hits you!
The gargoyle hurls a stone arrow at you.
The stone arrow hits you!
An ice beast comes into view.
You hit the shadow imp.
The shadow imp is moderately wounded.
The shadow imp hits you but does no damage.
You slash the shadow imp!
You headbutt the shadow imp, but do no damage.
The shadow imp is almost dead.
The shadow imp closely misses you.
You riposte.
You hit the shadow imp but do no damage.
The shadow imp is almost dead.
You hit the shadow imp.
You kill the shadow imp!
The gargoyle hurls a stone arrow at you.
The stone arrow hits you!
The gargoyle hurls a stone arrow at you.
The stone arrow hits you!
You die...

#††...##'##).##...
#####.##..........F...
#.....###.......###.##*
#>##### #.#(#.### * #.#
#...÷.# , , ##.#
###9....# , , #..#
#..Y#...# , , * ##.##
###.####..Y.....
####..####.@.#
###9.....
#.....)....### *..$"..
#.....###### ...Z..
#.##### .##### * #. , *
# * * , ,


You could see a gargoyle and a sky beast.

Vanquished Creatures
  An ogre (D:5)
  A sky beast (D:6)
  A phantom (D:5)
  A centaur (D:6)
  3 bullfrogs
  2 crimson imps
  A bullfrog zombie (D:6)
  Jessica (D:3)
  An iguana (D:4)
  Ijyb (D:4)
  6 worker ants
  A howler monkey skeleton (D:6)
  10 adders
  A shadow imp (D:6)
  An adder skeleton (D:4)
  4 worms
  4 dart slugs
  3 leopard geckos
  4 orcs
  A ball python (D:2)
  12 bats
  5 giant cockroaches
  9 goblins
  7 hobgoblins
  12 jackals
  5 kobolds
  5 quokkas
  8 frilled lizards
  7 rats
  A spectral orc (D:2)
119 creatures vanquished.

Notes
Turn   | Place    | Note
-------+----------+-------------------------------------------
     0 | D:1      | Gerstahl the Human Monk began the quest for the Orb.
     0 | D:1      | Reached XP level 1. HP: 18/18 MP: 1/1
   159 | D:1      | Reached XP level 2. HP: 8/24 MP: 2/2
   639 | D:1      | Reached XP level 3. HP: 26/29 MP: 3/3
  1369 | D:2      | Reached XP level 4. HP: 31/36 MP: 4/4
  1658 | D:2      | Found a snail-covered altar of Cheibriados.
  2092 | D:2      | Found a basalt altar of Yredelemnul.
  2263 | D:3      | Found a shimmering altar of Xom.
  2447 | D:3      | Reached XP level 5. HP: 34/42 MP: 5/5
  3214 | D:3      | Noticed Jessica
  3223 | D:3      | Killed Jessica
  3442 | D:4      | Reached XP level 6. HP: 42/48 MP: 6/6
  3558 | D:4      | Reached skill level 1 in Evocations
  4074 | D:4      | Noticed Ijyb
  4309 | D:4      | Reached XP level 7. HP: 44/55 MP: 8/8
  4332 | D:4      | Found a blossoming altar of Fedhas.
  4451 | D:4      | Found a deep blue altar of Sif Muna.
  4755 | D:4      | Found a sparkling altar of Nemelex Xobeh.
  4755 | D:4      | Found a glowing silver altar of Zin.
  4760 | D:4      | Found a faded altar of an unknown god.
  4762 | D:4      | Found a shadowy altar of Dithmenos.
  4763 | D:4      | Found a bloodstained altar of Trog.
  4872 | D:4      | Reached skill level 1 in Armour
  5053 | D:5      | Entered Level 5 of the Dungeon
  5368 | D:5      | Noticed Gerstahl's ghost (novice HuMo)
  5496 | D:4      | Killed Ijyb
  6302 | D:5      | Found a shattered altar of Ashenzari.
  6314 | D:5      | Reached skill level 5 in Long Blades
  6320 | D:5      | Became a worshipper of Ashenzari the Shackled
  6320 | D:5      | Reached * piety under Ashenzari
  6320 | D:5      | Reached ** piety under Ashenzari
  6473 | D:5      | Reached skill level 5 in Fighting
  6473 | D:5      | Reached skill level 5 in Dodging
  6667 | D:6      | Reached XP level 8. HP: 18/62 MP: 8/10
  6881 | D:6      | Gained mutation: Your mind is acute. (Int +2) [mutagenic meat]
  6882 | D:6      | Gained mutation: Your mind is very acute. (Int +4) [mutagenic meat]
  6883 | D:6      | Gained mutation: You have a pair of small horns on your head. [mutagenic meat]
  6884 | D:6      | Gained mutation: You possess an exceptional clarity of mind. [mutagenic meat]
  7281 | D:6      | Noticed a gargoyle
  7291 | D:6      | Killed from afar by a gargoyle

Vault maps used:
D:1:      scummos_arrival_gate, minmay_misc_feat_tiny
D:2:      yredelemnul_forgotten_temple_becter, cheibriados_altar_1,
          uniq_crazy_yiuf_cottage
D:3:      brannock_xom_greatest_gift, first_bread, uniq_jessica
D:4:      led_sif_pool, lemuel_doored_altar,
          chequers_temple_overflow_minitemple, uniq_ijyb
D:5:      basic_altar
D:6:      gammafunk_temple_overflow_claw

Skill      XL: |  1  2  3  4  5  6  7  8 |
---------------+-------------------------+-----
Long Blades    | 4 5 |  5.6
Fighting       | 4 5 |  5.5
Dodging        | 4 5 |  5.5
Evocations     | 1 2 3 |  3.3
Armour         | 2 |  2.9
Stealth        | |  2.0

Action                   |  1- 3 |  4- 6 |  7- 9 || total
-------------------------+-------+-------+-------++-------
Melee: Falchion          |    90 |   239 |   281 ||   610
       Unarmed           |       |       |    21 ||    21
       Headbutt          |       |       |    24 ||    24
Invok: Curse Item        |       |       |     2 ||     2
  Use: Potion            |     1 |       |     4 ||     5
       Scroll            |       |     4 |       ||     4
 Stab: Sleeping          |     1 |    11 |     1 ||    13
  Eat: Royal jelly       |     1 |       |       ||     1
       Chunk             |       |     8 |     6 ||    14
       Bread ration      |       |       |     2 ||     2
Armor: Robe              |    11 |    34 |       ||    45
       Leather armour    |       |     5 |    36 ||    41
       Ring mail         |       |       |    44 ||    44
Dodge: Dodged            |    65 |   181 |   189 ||   435
       Rpst.: Falchion   |    21 |    54 |    65 ||   140

Table legend:
 A = Spawn XP
 B = Non-spawn XP
 C = Spawn XP percentage of total XP
 D = Spawn monster count
 E = Non-spawn monster count
 F = Spawn count percentage of total count
 G = Total turns spent on level
                    A         B        C        D         E        F      G
               +---------+---------+-------+---------+---------+-------+---------
         Total |       0 |    1562 |   0.0 |       0 |     119 |   0.0 |  7291
               +---------+---------+-------+---------+---------+-------+---------
           D:1 |       0 |      29 |   0.0 |       0 |      16 |   0.0 |   945
           D:2 |       0 |      89 |   0.0 |       0 |      27 |   0.0 |  1296
           D:3 |       0 |     142 |   0.0 |       0 |      31 |   0.0 |  1245
           D:4 |       0 |     378 |   0.0 |       0 |      18 |   0.0 |  2445
           D:5 |       0 |     314 |   0.0 |       0 |      11 |   0.0 |   687
           D:6 |       0 |     610 |   0.0 |       0 |      16 |   0.0 |   673
               +---------+---------+-------+---------+---------+-------+---------
